 Dungeon Crawl Stone Soup version 0.24.0-13-gcf9b319 (webtiles) character file.

Game seed: 12279767112389966632, levelgen mode: deterministic

4539 Fang the Fighter (level 10, 0/65 HPs)
             Began as a Gargoyle Berserker on Dec 10, 2019.
             Was a Priest of Trog.
             Slain by a white ugly thing (2 damage)
             ... on level 12 of the Dungeon.
             The game lasted 00:07:28 (7240 turns).

Fang the Fighter (Gargoyle Berserker)               Turns: 7240, Time: 00:07:28

Health: 0/65       AC: 23    Str: 25    XL:     10   Next: 40%
Magic:  10/10      EV:  9    Int:  7    God:    Trog [***...]
Gold:   505        SH:  0    Dex:  9    Spells: 9/9 levels left

rFire    . . .     SeeInvis .   a - +0 war axe
rCold    + . .     Gourm    .   (no shield)
rNeg     + . .     Faith    .   b - +0 plate armour
rPois    ∞         Spirit   .   (no helmet)
rElec    +         Reflect  .   (no cloak)
rCorr    +         Harm     .   (no gloves)
MR       .....                  E - +1 pair of boots
Stlth    ..........             G - amulet of regeneration
HPRegen  0.60/turn              w - ring of resist corrosion
MPRegen  0.12/turn              H - ring of protection from cold

@: berserk cooldown, slowed, very slow
A: negative energy resistance 1, electricity resistance, unbreathing,
petrification resistance, rot immunity, AC +7
a: Berserk, Trog's Hand, Renounce Religion


You were on level 12 of the Dungeon.
You worshipped Trog.
Trog was most pleased with you.
You were not hungry.

You visited 2 branches of the dungeon, and saw 11 of its levels.

You collected 505 gold pieces.

Inventory:

Hand Weapons
 a - a +0 war axe (weapon)
Armour
 b - a +0 plate armour (worn)
 E - a +1 pair of boots (worn)
Jewellery
 w - a ring of resist corrosion (left hand)
 G - an amulet of regeneration (around neck)
 H - a ring of protection from cold (right hand)
Wands
 f - a wand of flame (37)
 p - a wand of polymorph (9)
 y - a wand of clouds (7)
Scrolls
 d - 2 scrolls of fear {unknown}
 e - 6 scrolls of teleportation {unknown}
 g - 5 scrolls of amnesia {unknown}
 h - 7 scrolls of immolation {unknown}
 k - a scroll of blinking {unknown}
 m - 11 scrolls of identify {unknown}
 o - a scroll of enchant weapon {unknown}
 q - 5 scrolls of remove curse
 x - a scroll of silence {unknown}
 z - a scroll of enchant armour {unknown}
 B - 3 scrolls of magic mapping {unknown}
 D - a scroll of brand weapon {unknown}
 I - a scroll of vulnerability {unknown}
Potions
 i - a potion of berserk rage {unknown}
 j - 3 potions of resistance {unknown}
 l - 3 potions of heal wounds {unknown}
 n - a potion of haste {unknown}
 r - 2 potions of mutation {unknown}
 s - 2 potions of agility {unknown}
 t - 2 potions of lignification {unknown}
 u - 3 potions of flight {unknown}
 v - a potion of degeneration {unknown}
 A - a potion of brilliance {unknown}
 F - 2 potions of curing {unknown}
Comestibles
 c - 6 rations
 C - 6 chunks of flesh


   Skills:
 + Level 8.8 Fighting
 + Level 7.4 Axes
 + Level 8.5 Armour
 + Level 6.4 Dodging


You had 9 spell levels left.
You didn't know any spells.
Your spell library was empty.

Dungeon Overview and Level Annotations

Branches:
Dungeon (9/15)             Temple (1/1) D:5
   Lair: D:8-11         Orc: D:9-12

Altars:
Qazlal


Innate Abilities, Weirdness & Mutations

You are resistant to torment.
Your stone body is resilient. (AC +7)
You are immune to poison.
You resist negative energy. (rN+)
You are resistant to electric shocks. (rElec)
You can survive without breathing.
You are immune to petrification.
You are immune to rotting.


Message History

The white ugly thing barely misses you.
You closely miss the white ugly thing.
The white ugly thing is almost dead.
The white ugly thing stings you but does no damage. x2
You closely miss the white ugly thing.
The white ugly thing is almost dead.
The white ugly thing stings you. The white ugly thing freezes you! You resist.
* * * LOW HITPOINT WARNING * * *
You closely miss the white ugly thing.
The white ugly thing is severely wounded.
The white ugly thing stings you.
* * * LOW HITPOINT WARNING * * *
The white ugly thing freezes you. You resist.
* * * LOW HITPOINT WARNING * * *
The white ugly thing stings you but does no damage.
You hit the white ugly thing.
The white ugly thing is almost dead.
The white ugly thing stings you but does no damage.
The white ugly thing stings you.
You die...

........##......
........>.......
................
#...............
#...............
#$..............
#.....))).......
#......@u.......
#......)........
#.........<.....
#...............
................
################


You could see a white ugly thing.

Vanquished Creatures
  Maurice (D:8)
  Grinder (D:3)
  3 hippogriffs
  5 slime creatures (D:12)
  A hungry ghost (D:7)
  Menkaure (D:7)
  A sky beast (D:9)
  2 ice beasts
  An ogre (D:6)
  3 centaurs
  4 bullfrogs
  2 scorpions
  14 killer bees
  5 crimson imps
  2 hounds
  2 orc priests
  4 orc wizards
  2 centaur skeletons
  3 iguanas
  4 worker ants
  A worker ant zombie (D:7)
  5 adders
  A shadow imp (D:7)
  2 oozes
  An adder skeleton (D:4)
  4 worms
  2 dart slugs (D:2)
  4 leopard geckos
  13 orcs
  12 bats
  4 giant cockroaches
  7 goblins
  6 hobgoblins
  4 jackals (D:1)
  2 quokkas (D:4)
  3 ball pythons
  A ball python skeleton (D:4)
  2 frilled lizards
  11 kobolds
  10 rats
156 creatures vanquished.

Notes
Turn   | Place    | Note
-------+----------+-------------------------------------------
     0 | D:1      | Fang the Gargoyle Berserker began the quest for the Orb.
     0 | D:1      | Reached XP level 1. HP: 14/14 MP: 1/1
   243 | D:1      | Reached XP level 2. HP: 13/19 MP: 2/2
   919 | D:1      | Reached XP level 3. HP: 21/23 MP: 3/3
  1004 | D:2      | Reached ** piety under Trog
  1370 | D:2      | Reached XP level 4. HP: 25/29 MP: 4/4
  1471 | D:2      | Found a stormy altar of Qazlal.
  1876 | D:3      | Noticed Grinder
  1879 | D:3      | Noticed a bullfrog
  1888 | D:3      | Killed a bullfrog
  1888 | D:3      | Reached XP level 5. HP: 22/33 MP: 5/5
  1893 | D:3      | Paralysed by Grinder for 7 turns
  1901 | D:3      | Killed Grinder
  1901 | D:3      | Reached XP level 6. HP: 14/40 MP: 6/6
  2005 | D:3      | Reached skill level 5 in Fighting
  2005 | D:3      | Reached XP level 7. HP: 10/44 MP: 7/7
  2564 | D:3      | Reached *** piety under Trog
  3434 | D:4      | Reached skill level 5 in Armour
  3890 | D:5      | Entered Level 5 of the Dungeon
  3978 | D:5      | Reached XP level 8. HP: 6/51 MP: 8/8
  4250 | D:5      | Found a staircase to the Ecumenical Temple.
  4443 | D:5      | You fall into a shaft and drop 2 floors!
  4443 | D:7      | Noticed Menkaure
  4458 | D:7      | Killed Menkaure
  4458 | D:7      | Reached skill level 5 in Axes
  4821 | D:7      | Paralysed by fainting for 7 turns
  4914 | D:7      | You fall into a shaft and drop 1 floor!
  5093 | D:8      | Noticed Maurice
  5145 | D:8      | Killed Maurice
  5145 | D:8      | Reached skill level 5 in Dodging
  5145 | D:8      | Reached XP level 9. HP: 43/57 MP: 9/9
  5598 | D:7      | Reached **** piety under Trog
  6829 | Temple   | Entered the Ecumenical Temple
  7074 | D:9      | Reached XP level 10. HP: 42/64 MP: 10/10
  7214 | D:9      | You fall into a shaft and drop 3 floors!
  7217 | D:12     | Noticed a white ugly thing
  7239 | D:12     | HP: 1/65 [white ugly thing (6)]
  7240 | D:12     | Slain by a white ugly thing

Levels and vault maps discovered:
D:1:      erik_arrival_triangle_small, layout_basic
D:2:      layout_loops_ring, nicolae_qazlal_general_emergency
D:3:      layout_loops_ring, uniq_grinder
D:4:      layout_gridville, first_ration, chequers_serial_rivers_micro_c
D:5:      layout_basic, minmay_temple_entry_ruins, kennysheep_flooded_box
D:6:      layout_loops_cross
D:7:      layout_rooms, uniq_menkaure
D:8:      layout_loops_ring, uniq_maurice
D:9:      layout_roguey, dpeg_oklobed_lair, enter_bailey_3, hangedman_fish_farm
D:12:     minmay_spiral_squares, layout_long_grid, corner_web_ring,
          eino_house_with_fridge
Temple:   kilobyte_greek_temple

Skill      XL: |  1  2  3  4  5  6  7  8  9 10 |
---------------+-------------------------------+-----
Axes           | 3 4 5 6 7 |  7.4
Dodging        | 2 3 5 6 |  6.4
Armour         | 3 4 5 6 8 |  8.5
Fighting       | 4 5 7 8 |  8.8

Action                   |  1- 3 |  4- 6 |  7- 9 | 10-12 || total
-------------------------+-------+-------+-------+-------++-------
Melee: Hand axe          |   141 |   133 |   386 |       ||   660
       War axe           |       |       |   230 |    38 ||   268
Invok: Berserk           |       |     2 |     4 |     1 ||     7
       Trog's Hand       |       |     1 |       |       ||     1
  Use: Scroll            |     1 |       |       |       ||     1
  Eat: Chunk             |     2 |     3 |    13 |       ||    18
       Ration            |       |       |     5 |     1 ||     6
Armor: Animal skin       |     6 |       |       |       ||     6
       Chain mail        |    84 |   109 |    86 |       ||   279
       Plate armour      |       |       |   533 |    30 ||   563
Dodge: Dodged            |    75 |    60 |   389 |    27 ||   551
